MID
ATLANTA (MID) BRAVES @ HARTFORD YARD GOATS
07/05/2048
 
TOP OF THE 1ST
Atlanta (MID) Braves batting - Pitching for Hartford Yard Goats : RHP Dave Shanks
Pitching: RHP Dave Shanks
Batting: RHB Toki Takeuchi 0-0: Fly out, F9 (Line Drive, 9, EV 101.2 MPH)
Batting: RHB Nick Holsinger 0-0: Ground out 5-3 (Groundball, 56S, EV 61.2 MPH)
Batting: LHB Oke Monti 0-0: Called Strike
0-1: Fly out, F7 (Flyball, 78M, EV 90.6 MPH)
Top of the 1st over - 0 runs, 0 hits, 0 errors, 0 left on base; Atlanta (MID) 0 - Hartford 0
BOTTOM OF THE 1ST
Hartford Yard Goats batting - Pitching for Atlanta (MID) Braves : RHP Iestyn Nicholls
Pitching: RHP Iestyn Nicholls
Batting: LHB Daniel Green 0-0: Foul Ball, location: 2F
0-1: Foul Ball, location: 2F
0-2: Ball
1-2: Fly out, F9 (Flyball, 9LD, EV 81.2 MPH)
Batting: RHB Matviy Oliynyk 0-0: Ball
1-0: Ball
2-0: Foul Ball, location: 2F
2-1: Foul Ball, location: 2F
2-2: Ball
3-2: Strikes out looking
Batting: RHB Andy Rayer 0-0: Foul Ball, location: 2F
0-1: Ball
1-1: Swinging Strike
1-2: Ball
2-2: Ball
3-2: Strikes out swinging
Bottom of the 1st over - 0 runs, 0 hits, 0 errors, 0 left on base; Atlanta (MID) 0 - Hartford 0
TOP OF THE 2ND
Atlanta (MID) Braves batting - Pitching for Hartford Yard Goats : RHP Dave Shanks
Batting: RHB Gerard Michel 0-0: Foul Ball, location: 2F
0-1: Ball
1-1: Ball
2-1: Fly out, F4 (Line Drive, 6M, EV 68.1 MPH)
Batting: RHB Badr al Din Ridha 0-0: Ball
1-0: Ball
2-0: Ball
3-0: Called Strike
3-1: Foul Ball, location: 2F
3-2: Base on Balls
Batting: LHB Andres Aldape 0-0: Ball
Badr al Din Ridha steals 2nd base
1-0: Called Strike
1-1: Ball
2-1: Swinging Strike
2-2: Foul Ball, location: 2F
2-2: Ball
3-2: Foul Ball, location: 2F
3-2: Foul Ball, location: 2F
3-2: Strikes out swinging
Batting: RHB Phil Holman 0-0: Ball
1-0: Foul Ball, location: 2F
1-1: Ball
2-1: Ball
3-1: Called Strike
3-2: Base on Balls
Batting: LHB Malik Boulay 0-0: Ball
1-0: Called Strike
1-1: Swinging Strike
1-2: Foul Ball, location: 2F
1-2: Ball
2-2: Strikes out swinging
Top of the 2nd over - 0 runs, 0 hits, 0 errors, 2 left on base; Atlanta (MID) 0 - Hartford 0
BOTTOM OF THE 2ND
Hartford Yard Goats batting - Pitching for Atlanta (MID) Braves : RHP Iestyn Nicholls
Batting: SHB Ken Griffey IV 0-0: Ball
1-0: Swinging Strike
1-1: Foul Ball, location: 2F
1-2: Ball
2-2: Fly out, F9 (Flyball, 9S, EV 89.4 MPH)
Batting: RHB T.J. Williams 0-0: Called Strike
0-1: Ball
1-1: Swinging Strike
1-2: Foul Ball, location: 2F
1-2: Ball
2-2: Foul Ball, location: 2F
2-2: Ground out 6-3 (Groundball, 6, EV 89.4 MPH)
Batting: LHB Harry Folsom 0-0: Called Strike
0-1: Ball
1-1: Foul Ball, location: 2F
1-2: Strikes out swinging
Bottom of the 2nd over - 0 runs, 0 hits, 0 errors, 0 left on base; Atlanta (MID) 0 - Hartford 0
TOP OF THE 3RD
Atlanta (MID) Braves batting - Pitching for Hartford Yard Goats : RHP Dave Shanks
Batting: RHB George Provance 0-0: DOUBLE (Groundball, 5L, EV 105.0 MPH)
Batting: RHB Toki Takeuchi 0-0: Called Strike
0-1: Ball
1-1: Ball
2-1: Called Strike
George Provance steals 3rd base
2-2: Ground out 5-3 (Groundball, 5, EV 100.6 MPH)
Batting: RHB Nick Holsinger 0-0: Foul Ball, location: 2F
0-1: Swinging Strike
0-2: Strikes out swinging
Batting: LHB Oke Monti 0-0: Swinging Strike
0-1: Ground out 4-3 (Groundball, 4D, EV 104.4 MPH)
Top of the 3rd over - 0 runs, 1 hit, 0 errors, 1 left on base; Atlanta (MID) 0 - Hartford 0
BOTTOM OF THE 3RD
Hartford Yard Goats batting - Pitching for Atlanta (MID) Braves : RHP Iestyn Nicholls
Batting: RHB Seisaburo Edagawa 0-0: Ground out 5-3 (Groundball, 25, EV 83.8 MPH)
Batting: RHB Willie Benito 0-0: Ball
1-0: Swinging Strike
1-1: Foul Ball, location: 2F
1-2: Strikes out looking
Batting: LHB Tom Bemis 0-0: Ball
1-0: Called Strike
1-1: Swinging Strike
1-2: Ball
2-2: Strikes out swinging
Bottom of the 3rd over - 0 runs, 0 hits, 0 errors, 0 left on base; Atlanta (MID) 0 - Hartford 0
TOP OF THE 4TH
Atlanta (MID) Braves batting - Pitching for Hartford Yard Goats : RHP Dave Shanks
Batting: RHB Gerard Michel 0-0: Hit by Pitch
Batting: RHB Badr al Din Ridha 0-0: Called Strike
0-1: Swinging Strike
0-2: Hit by Pitch
Gerard Michel to second
Batting: LHB Andres Aldape 0-0: SINGLE (Line Drive, 4D, EV 100.0 MPH)
Gerard Michel to third
Badr al Din Ridha to second
Batting: RHB Phil Holman 0-0: DOUBLE (Flyball, 8RD, EV 89.4 MPH)
Gerard Michel scores
Badr al Din Ridha scores
Andres Aldape to third
Batting: LHB Malik Boulay 0-0: Fly out, F7 (Flyball, 78M, EV 96.2 MPH)
Batting: RHB George Provance 0-0: Ball
1-0: Fly out, F8 (Flyball, 8RXD, EV 104.4 MPH)
Runner from 3rd tags up, SCORES, no throw by CF
Phil Holman to third
Batting: RHB Toki Takeuchi 0-0: Ball
1-0: Called Strike
1-1: Foul Ball, location: 2F
1-2: Ball
2-2: Hit by Pitch
Batting: RHB Nick Holsinger 0-0: Fielders Choice at 2nd, 5-4 (Groundball, 5, EV 88.8 MPH)
Top of the 4th over - 3 runs, 2 hits, 0 errors, 2 left on base; Atlanta (MID) 3 - Hartford 0
BOTTOM OF THE 4TH
Hartford Yard Goats batting - Pitching for Atlanta (MID) Braves : RHP Iestyn Nicholls
Batting: LHB Daniel Green 0-0: Called Strike
0-1: Called Strike
0-2: Foul Ball, location: 2F
0-2: Strikes out looking
Batting: RHB Matviy Oliynyk 0-0: Ball
1-0: Reached on error, E6 (Groundball, 6, EV 90.0 MPH)
Batting: RHB Andy Rayer 0-0: Ball
Pickoff Play to 1st, Runner tries for 2nd, OUT after rundown.
1-0: Foul Ball, location: 2F
1-1: Called Strike
1-2: Ball
2-2: Fly out, F7 (Line Drive, 7LM, EV 91.2 MPH)
Bottom of the 4th over - 0 runs, 0 hits, 1 error, 0 left on base; Atlanta (MID) 3 - Hartford 0
TOP OF THE 5TH
Atlanta (MID) Braves batting - Pitching for Hartford Yard Goats : RHP Dave Shanks
Batting: LHB Oke Monti 0-0: DOUBLE (Flyball, 78D, EV 106.9 MPH)
Batting: RHB Gerard Michel 0-0: Ball
1-0: Ball
2-0: Called Strike
2-1: Foul Ball, location: 2F
2-2: Foul Ball, location: 2F
2-2: Foul Ball, location: 2F
2-2: Ball
3-2: Foul Ball, location: 2F
3-2: Base on Balls
Batting: RHB Badr al Din Ridha 0-0: Ball
1-0: Ball
2-0: Called Strike
2-1: Foul Ball, location: 2F
2-2: Ball
3-2: Base on Balls
Oke Monti to third
Gerard Michel to second
Batting: LHB Andres Aldape 0-0: DOUBLE (Flyball, 89D, EV 110.6 MPH)
Oke Monti scores
Gerard Michel scores
Badr al Din Ridha to third
Pitching: RHP Ricky de la Rosa
Batting: RHB Phil Holman 0-0: Called Strike
0-1: Foul Ball, location: 2F
0-2: Ball
1-2: Ball
2-2: Ground out 6-3 (Groundball, 6, EV 85.6 MPH)
Badr al Din Ridha scores
Batting: LHB Malik Boulay 0-0: Called Strike
0-1: Ball
1-1: Ball
2-1: Called Strike
2-2: Strikes out swinging
Batting: RHB George Provance 0-0: Called Strike
0-1: Foul Ball, location: 2F
0-2: Ball
1-2: Strikes out looking
Top of the 5th over - 3 runs, 2 hits, 0 errors, 1 left on base; Atlanta (MID) 6 - Hartford 0
BOTTOM OF THE 5TH
Hartford Yard Goats batting - Pitching for Atlanta (MID) Braves : RHP Iestyn Nicholls
Batting: SHB Ken Griffey IV 0-0: Called Strike
0-1: Called Strike
0-2: Ball
1-2: Strikes out looking
Batting: RHB T.J. Williams 0-0: Ball
1-0: Called Strike
1-1: Ball
2-1: Foul Ball, location: 2F
2-2: Foul Ball, location: 2F
2-2: Ball
3-2: Base on Balls
Batting: LHB Harry Folsom 0-0: Foul Ball, location: 2F
0-1: Ball
1-1: Ball
2-1: Ball
3-1: Foul Ball, location: 2F
3-2: Fly out, F8 (Flyball, 89XD, EV 96.2 MPH)
Batting: RHB Seisaburo Edagawa 0-0: Called Strike
0-1: Ball
1-1: Ball
2-1: Foul Ball, location: 2F
2-2: Strikes out swinging
Bottom of the 5th over - 0 runs, 0 hits, 0 errors, 1 left on base; Atlanta (MID) 6 - Hartford 0
TOP OF THE 6TH
Atlanta (MID) Braves batting - Pitching for Hartford Yard Goats : RHP Ricky de la Rosa
Batting: RHB Toki Takeuchi 0-0: Ball
1-0: Foul Ball, location: 2F
1-1: Ball
2-1: Foul Ball, location: 2F
2-2: Fly out, F9 (Flyball, 9LSF, EV 84.4 MPH)
Batting: RHB Nick Holsinger 0-0: Ball
1-0: Called Strike
1-1: Foul Ball, location: 2F
1-2: Foul Ball, location: 2F
1-2: SINGLE (Groundball, 4M, EV 86.2 MPH) (infield hit)
Batting: LHB Oke Monti 0-0: Ball
1-0: Ball
2-0: Ground out 4-3 (Groundball, 34D, EV 80.6 MPH)
Nick Holsinger to second
Batting: RHB Gerard Michel 0-0: Fly out, F8 (Flyball, 8LD, EV 95.6 MPH)
Top of the 6th over - 0 runs, 1 hit, 0 errors, 1 left on base; Atlanta (MID) 6 - Hartford 0
BOTTOM OF THE 6TH
Hartford Yard Goats batting - Pitching for Atlanta (MID) Braves : RHP Iestyn Nicholls
Batting: RHB Willie Benito 0-0: Fly out, F4 (Popup, 13, EV 80.6 MPH)
Batting: LHB Tom Bemis 0-0: Ball
1-0: Ball
2-0: Called Strike
2-1: SOLO HOME RUN (Flyball, 89XD, EV 100.0 MPH), Distance : 398 ft
Batting: LHB Daniel Green 0-0: Foul Ball, location: 2F
0-1: Ball
1-1: Ball
2-1: Ground out 4-3 (Groundball, 4S, EV 69.4 MPH)
Batting: RHB Matviy Oliynyk 0-0: Ball
1-0: Ball
2-0: Ball
3-0: Called Strike
3-1: Called Strike
3-2: Foul Ball, location: 2F
3-2: Fly out, F8 (Flyball, 8LXD, EV 98.8 MPH)
Bottom of the 6th over - 1 run, 1 hit, 0 errors, 0 left on base; Atlanta (MID) 6 - Hartford 1
TOP OF THE 7TH
Atlanta (MID) Braves batting - Pitching for Hartford Yard Goats : RHP Ricky de la Rosa
Pitching: RHP Wilson Mendez
Batting: RHB Badr al Din Ridha 0-0: Ball
1-0: Ball
2-0: Ball
3-0: Called Strike
3-1: Foul Ball, location: 2F
3-2: Foul Ball, location: 2F
3-2: Base on Balls
Batting: LHB Andres Aldape 0-0: Called Strike
Badr al Din Ridha steals 2nd base
0-1: Called Strike
0-2: Foul Ball, location: 2F
0-2: Foul Ball, location: 2F
0-2: Strikes out looking
Batting: RHB Phil Holman 0-0: Called Strike
Badr al Din Ridha steals 3rd base
0-1: Ball
1-1: Fly out, F7 (Flyball, 7S, EV 88.8 MPH)
Batting: LHB Malik Boulay 0-0: Called Strike
0-1: SINGLE (Groundball, P, EV 94.4 MPH) (infield hit)
Badr al Din Ridha scores
Batting: RHB George Provance 0-0: Foul Ball, location: 2F
0-1: Ball
1-1: Called Strike
1-2: Fly out, F6 (Flyball, 56D, EV 83.8 MPH)
Top of the 7th over - 1 run, 1 hit, 0 errors, 1 left on base; Atlanta (MID) 7 - Hartford 1
BOTTOM OF THE 7TH
Hartford Yard Goats batting - Pitching for Atlanta (MID) Braves : RHP Iestyn Nicholls
Batting: RHB Andy Rayer 0-0: Ball
1-0: Ball
2-0: Called Strike
2-1: Ball
3-1: Base on Balls
Pitching: RHP Dan Spahn
Batting: SHB Ken Griffey IV 0-0: Ball
1-0: SINGLE (Groundball, 56D, EV 95.6 MPH)
Andy Rayer to second
Batting: RHB T.J. Williams 0-0: Grounds into double play, 4-6-3 (Groundball, 4, EV 105.6 MPH)
Andy Rayer to third
Batting: LHB Harry Folsom 0-0: Called Strike
0-1: Ball
1-1: Ball
2-1: Ball
3-1: Foul Ball, location: 2F
3-2: Ground out 4-3 (Groundball, 34D, EV 85.6 MPH)
Bottom of the 7th over - 0 runs, 1 hit, 0 errors, 1 left on base; Atlanta (MID) 7 - Hartford 1
TOP OF THE 8TH
Atlanta (MID) Braves batting - Pitching for Hartford Yard Goats : RHP Wilson Mendez
Pitching: RHP Gorgonio Sigua
Batting: RHB Toki Takeuchi 0-0: Called Strike
0-1: Fly out, F7 (Line Drive, 78M, EV 87.5 MPH)
Batting: RHB Nick Holsinger 0-0: Ball
1-0: Ball
2-0: Ground out 5-3 (Groundball, 56S, EV 85.0 MPH)
Batting: LHB Oke Monti 0-0: Called Strike
0-1: SOLO HOME RUN (Flyball, 9D, EV 99.4 MPH), Distance : 388 ft
Pinch Hitting: LHB Joe Phillips 0-0: Ball
1-0: Foul Ball, location: 2F
1-1: Swinging Strike
1-2: SINGLE (Groundball, 34D, EV 99.4 MPH)
Batting: RHB Badr al Din Ridha 0-0: Called Strike
0-1: Ball
1-1: Fielders Choice at 2nd, 6-4 (Groundball, 56, EV 98.1 MPH)
Top of the 8th over - 1 run, 2 hits, 0 errors, 1 left on base; Atlanta (MID) 8 - Hartford 1
BOTTOM OF THE 8TH
Hartford Yard Goats batting - Pitching for Atlanta (MID) Braves : RHP Dan Spahn
Now at 2B: Malik Boulay
Now at SS: Joe Phillips
Pinch Hitting: RHB Ighlas Mwara 0-0: Called Strike
0-1: Swinging Strike
0-2: Ground out 4-3 (Groundball, 4, EV 86.2 MPH)
Pinch Hitting: LHB Nick Martin 0-0: Ball
1-0: Foul Ball, location: 2F
1-1: Ball
2-1: Ball
3-1: Foul Ball, location: 2F
3-2: Base on Balls
Batting: LHB Tom Bemis 0-0: Foul Ball, location: 2F
0-1: Called Strike
0-2: Ball
1-2: Strikes out swinging
Pitching: LHP Steve Young
Batting: LHB Daniel Green 0-0: Ball
1-0: Called Strike
1-1: Ball
2-1: Called Strike
2-2: Fly out, F9 (Flyball, 9D, EV 81.2 MPH)
Bottom of the 8th over - 0 runs, 0 hits, 0 errors, 1 left on base; Atlanta (MID) 8 - Hartford 1
TOP OF THE 9TH
Atlanta (MID) Braves batting - Pitching for Hartford Yard Goats : RHP Gorgonio Sigua
Now at SS: Justin Jackson
Now in LF: Nick Martin
Batting: LHB Andres Aldape 0-0: Fly out, F5 (Line Drive, 5L, EV 73.8 MPH)
Batting: RHB Phil Holman 0-0: Ball
1-0: Ground out 4-3 (Groundball, 34, EV 90.0 MPH)
Batting: LHB Malik Boulay 0-0: Ball
1-0: Ball
2-0: Swinging Strike
2-1: Swinging Strike
2-2: Strikes out looking
Top of the 9th over - 0 runs, 0 hits, 0 errors, 0 left on base; Atlanta (MID) 8 - Hartford 1
BOTTOM OF THE 9TH
Hartford Yard Goats batting - Pitching for Atlanta (MID) Braves : LHP Steve Young
Batting: RHB Matviy Oliynyk 0-0: Called Strike
0-1: Ball
1-1: Called Strike
1-2: Strikes out swinging
Batting: RHB Andy Rayer 0-0: Ball
1-0: Ball
2-0: Called Strike
2-1: Ball
3-1: Called Strike
3-2: Ground out 6-3 (Groundball, 6, EV 92.5 MPH)
Batting: SHB Ken Griffey IV 0-0: Ball
1-0: Foul Ball, location: 2F
1-1: Ball
2-1: Foul Ball, location: 2F
2-2: Strikes out looking
Bottom of the 9th over - 0 runs, 0 hits, 0 errors, 0 left on base; Atlanta (MID) 8 - Hartford 1
Tuesday, March 28th , 2023 - OOTP Baseball 23.10 Build 110